 Dungeon Crawl Stone Soup version 0.13-a0-1693-g8ac13c1 (webtiles) character file.

1181 Koal the Martial Artist (level 8, 0/52 HPs)
             Began as an Octopode Monk on June 20, 2013.
             Was a Believer of Okawaru.
             Slain by an orc wizard
             ... wielding a +1,+4 orcish dagger
              (2 damage)
             ... on Level 6 of the Dungeon.
             The game lasted 00:25:27 (5740 turns).

Koal the Martial Artist (Octopode Monk)             Turns: 5740, Time: 00:25:27

HP   0/52        AC  1     Str 10      XL: 8   Next:  6%
MP  15/16        EV 14     Int 13      God: Okawaru [**....]
Gold 288         SH  0     Dex 19      Spells:  0 memorised,  7 levels left

Res.Fire  : . . .   See Invis. : .     - Unarmed
Res.Cold  : . . .   Warding    : .   (no shield)
Life Prot.: . . .   Conserve   : .   (helmet restricted)
Res.Poison: .       Res.Corr.  : .   (no amulet)
Res.Elec. : .       Clarity    : .   n - +3 ring of dexterity
Sust.Abil.: . .     Spirit.Shd : .   A - ring of magical power
Res.Mut.  : .       Stasis     : .   (no ring)
Res.Rott. : .       Flight     : .   (no ring)
Saprovore : . . .                    (no ring)
                                     (no ring)
                                     (no ring)
                                     (no ring)

@: slightly resistant to hostile enchantments, quite stealthy
A: almost no armour, amphibious, 8 rings, constrict 8, camouflage 1, AC +1
a: Heroism, Renounce Religion


You were on level 6 of the Dungeon.
You worshipped Okawaru.
Okawaru was most pleased with you.
You were not hungry.

You visited 2 branches of the dungeon, and saw 7 of its levels.

You collected 288 gold pieces.

Inventory:

Missiles
 q - 47 sling bullets
 s - 3 exploding darts
 y - 9 darts (quivered)
 Z - 30 stones
Magical devices
 r - a wand of draining (7)
Comestibles
 b - 6 bread rations
 o - a pear
Scrolls
 a - 3 scrolls of magic mapping {unknown}
 c - a scroll of identify
 f - a scroll of curse weapon {unknown}
 g - a scroll of random uselessness {unknown}
 h - 3 scrolls of fear {unknown}
 i - 2 scrolls of amnesia {unknown}
 k - a scroll of remove curse {unknown}
 m - 2 scrolls of teleportation {unknown}
 p - 2 scrolls of recharging {unknown}
 t - a scroll of fog {unknown}
 v - a scroll of enchant weapon II {unknown}
 z - a scroll of curse armour {unknown}
Jewellery
 n - a +3 ring of dexterity (left tentacle)
 w - an uncursed amulet of rage
 A - a ring of magical power (right tentacle)
Potions
 d - a potion of restore abilities
 e - a potion of might {unknown}
 j - 4 potions of magic
 l - 2 potions of curing
 x - a potion of speed {unknown}
Books
 u - a book of Summonings

   Spells                             Type                      Level
   Abjuration                         Summoning                    3
   Recall                             Summoning/Translocation      3
   Summon Elemental                   Summoning                    4
   Shadow Creatures                   Summoning                    5
   Summon Demon                       Summoning                    5
   Summon Ugly Thing                  Summoning                    6


   Skills:
 - Level 3.0 Fighting
 - Level 3.0 Dodging
 - Level 2.6 Stealth
 + Level 9.6 Unarmed Combat


You had 7 spell levels left.
You didn't know any spells.

Dungeon Overview and Level Annotations

Branches:
Dungeon (6/27)             Temple (1/1) D:4
    Orc: D:6-11

Altars:
Ashenzari
Cheibriados
Elyvilon
Fedhas
Kikubaaqudgha
Makhleb
Nemelex Xobeh
Okawaru
Sif Muna
Trog
Vehumet
Xom
Yredelemnul
Zin
the Shining One

Annotations
D:2 exclusion: door, Crazy Yiuf


Innate Abilities, Weirdness & Mutations

You cannot wear most types of armour.
You are amphibious.
You can wear up to eight rings at the same time.
You can use your tentacles to constrict many enemies at once.
Your skin changes colour to match your surroundings (Stlth).
Your rubbery body absorbs attacks (AC +1).


Message History

The orc closely misses you.
The orc priest calls down the wrath of Beogh upon you.
Something smites you!
The orc wizard gestures wildly while chanting.
The orc wizard seems to speed up.
The orc closely misses you. The orc wizard casts a spell at you.
The puff of flame hits you!
Drink which item? (? for menu, Esc to quit)
Okay, then.
The orc wizard casts a spell at you. The puff of flame hits you!
* * * LOW HITPOINT WARNING * * *
Use which ability? (? or * to list)
You fail to use your ability.
The orc wizard closely misses you.
Use which ability? (? or * to list)
You fail to use your ability.
The orc wizard hits you with an orcish dagger.
* * * LOW HITPOINT WARNING * * *
The orc wizard hits you with an orcish dagger.
You die...

#######.#
.[.....#o#
#.......#
.#... #o#
#.########
.... #.#
##.#.#....####
... #o#
......(#<....#
. #.#
####.###.##.##
#######o# #
#......# #
#.....o.#
###########
#o#######
.%.....# #@#
######.# #.#
#.# #.# #.#
#.#
#.#########.#
#...........#
#############


You could see an orc wizard.

Vanquished Creatures
  Grinder (D:3)
  A sky beast (D:4)
  A crimson imp (D:5)
  An ogre zombie (D:5)
  A hound zombie (D:5)
  An iguana (D:4)
  2 orc wizards (D:3)
  4 worker ants
  A scorpion (D:5)
  A jelly (D:5)
  Terence (D:2)
  6 adders
  3 gnolls (D:4)
  An iguana skeleton (D:5)
  2 worms
  A bat zombie (D:3)
  3 giant geckos
  An ooze (D:3)
  9 orcs
  5 giant cockroaches
  10 goblins
  13 hobgoblins
  13 kobolds
  13 bats
  8 giant newts
  10 jackals
  2 quokkas
  A quokka skeleton (D:3)
  18 rats
134 creatures vanquished.

Vanquished Creatures (others)
  A giant newt (D:5)
  A rat (D:1)
2 creatures vanquished.

Grand Total: 136 creatures vanquished

Notes
Turn   | Place    | Note
--------------------------------------------------------------
     0 | D:1      | Koal, the Octopode Monk, began the quest for the Orb.
     0 | D:1      | Reached XP level 1. HP: 14/14 MP: 0/0
   221 | D:1      | Reached XP level 2. HP: 8/19 MP: 1/1
   808 | D:1      | Reached XP level 3. HP: 10/25 MP: 2/2
  1031 | D:1      | Reached skill level 5 in Unarmed Combat
  1646 | D:2      | Noticed Crazy Yiuf
  1744 | D:2      | Reached XP level 4. HP: 14/30 MP: 3/3
  2088 | D:2      | Noticed Terence
  2103 | D:2      | Killed Terence
  2578 | D:3      | Reached skill level 6 in Unarmed Combat
  2760 | D:3      | Reached XP level 5. HP: 12/35 MP: 4/4
  3271 | D:3      | Found a white marble altar of Elyvilon.
  3364 | D:3      | Noticed Grinder
  3436 | D:3      | Killed Grinder
  3436 | D:3      | Reached skill level 8 in Unarmed Combat
  3436 | D:3      | Reached XP level 6. HP: 28/41 MP: 5/5
  3444 | D:3      | Reached XP level 7. HP: 15/45 MP: 6/6
  4110 | D:4      | Found a staircase to the Ecumenical Temple.
  4119 | Temple   | Entered the Ecumenical Temple
  4149 | Temple   | Became a worshipper of Warmaster Okawaru
  4149 | Temple   | Acquired Okawaru's first power
  4458 | D:5      | Entered Level 5 of the Dungeon
  4700 | D:4      | Reached skill level 9 in Unarmed Combat
  5388 | D:5      | Reached XP level 8. HP: 52/52 MP: 7/7
  5740 | D:6      | HP: 2/52 [orc wizard/orcish dagger (6)]
  5740 | D:6      | Slain by an orc wizard

Action                   |  1- 3 |  4- 6 |  7- 9 || total
-------------------------+-------+-------+-------++-------
Melee: Unarmed           |    66 |    90 |    93 ||   249
Throw: Stone             |    50 |       |     1 ||    51
       Dart              |    38 |    21 |   100 ||   159
Invok: Heroism           |       |       |     2 ||     2
Evoke: Wand              |       |       |     1 ||     1
  Use: Scroll            |       |       |     3 ||     3
 Stab: Sleeping          |     3 |     7 |     2 ||    12
